 Seeded DCSS version 0.29-a0-350-g7790a0e70a (webtiles) character file.

Game seed: 10379163089297173258 (custom seed)

41 thiscave3701365 the Chopper (level 3, -2/34 HPs)
             Began as a Minotaur Berserker on Apr 22, 2022.
             Was a Believer of Trog.
             Slain by a gnoll
             ... wielding a +0 spear
              (5 damage)
             ... on level 2 of the Dungeon.
             The game lasted 00:00:54 (1444 turns).

thiscave3701365 the Chopper (Minotaur Berserker)    Turns: 1444, Time: 00:00:55

Health: -2/34      AC: 11    Str: 23    XL:     3   Next: 32%
Magic:  2/2        EV:  4    Int:  4    God:    Trog [**....]
Gold:   92         SH:  0    Dex: 15    Spells: 2/2 levels left

rFire   . . .      SeeInvis .   a - +0 hand axe
rCold   . . .      Faith    .   (no shield)
rNeg    . . .      Spirit   .   h - +0 plate armour
rPois   .          Reflect  .   (helmet restricted)
rElec   .          Harm     .   (no cloak)
rCorr   .          Rampage  .   (no gloves)
Will    .....                   (no boots)
Stlth   ..........              (no amulet)
HPRegen 0.11/turn               f - +6 ring of dexterity
MPRegen 0.08/turn               (no ring)

@: on berserk cooldown, held, slowed, very slow
A: horns 2, retaliatory headbutt
a: Renounce Religion, Berserk, Trog's Hand


You were on level 2 of the Dungeon.
You worshipped Trog.
Trog was pleased with you.
You visited 1 branch of the dungeon, and saw 2 of its levels.

You collected 92 gold pieces.

Inventory:

Hand Weapons
 a - a +0 hand axe (weapon)
Armour
 b - a +0 animal skin
 h - a +0 plate armour (worn)
Jewellery
 f - a +6 ring of dexterity (left hand)
Scrolls
 c - a scroll of enchant armour {unknown}
 d - 2 scrolls of teleportation {unknown}
 e - 3 scrolls of identify {unknown}
Potions
 g - a potion of heal wounds {unknown}


   Skills:
 + Level 4.4 Fighting
 + Level 4.5 Axes
 + Level 2.5 Armour
 + Level 2.3 Dodging
 + Level 0.1 Stealth


You had 2 spell levels left.
You didn't know any spells.
Your spell library was empty.

Dungeon Overview and Level Annotations

Branches:
Dungeon (2/15)

Altars:
Fedhas

Shops:
D:2 *


Innate Abilities, Weirdness & Mutations

You have a pair of horns on your head.
You reflexively headbutt those who attack you in melee.


Message History

You are held in a net!
There are monsters nearby!
Unknown command.
There are monsters nearby!
You are held in a net!
There are monsters nearby!
Unknown command.
You are held in a net!
There are monsters nearby!
Unknown command.
You are held in a net!
A red film seems to cover your vision as you go berserk!
You feel yourself moving faster!
You feel mighty!
Okay, then.
You feel a strong urge to attack something.
You feel your anger nearly subside.
You are no longer berserk.
You are exhausted.
You feel yourself slow down.
The gnoll hits you from afar with a +0 halberd.
The gnoll hits you from afar with a +0 spear.
The gnoll barely misses you.
The gnoll hits you from afar with a +0 spear!
The gnoll hits you from afar with a +0 halberd.
The gnoll barely misses you.
The frilled lizard bites you but does no damage.
The gnoll hits you from afar with a +0 halberd.
The gnoll hits you but does no damage.
A rat comes into view.
The gnoll hits you but does no damage. x2; The frilled lizard bites you.
The gnoll hits you from afar with a +0 halberd!
* * * LOW HITPOINT WARNING * * *
You are too injured to fight recklessly!
You are too injured to fight recklessly!
Unknown command.
You are too injured to fight recklessly!
You struggle against the net.
The gnoll hits you but does no damage.
The frilled lizard bites you but does no damage.
The gnoll hits you from afar with a +0 spear.
You die...

#####.#.# ≈≈. .....#.#
≈≈≈≈≈ ######..#.# ≈≈.≈ .
..........# ≈≈# ≈#
.#####..#.####.## .##
#..#...#...#...#
.#####..#............
........#.....lg..=$.
##########.#....@g......
...........#......g..!..
##).....####...#...#...#
.............####.## .##
##......####.# ≈≈
#......# #. ≈≈. #......#
#. ≈≈≈≈ #......# ≈≈≈≈≈
#......#


You could see 3 gnolls and a frilled lizard.

Vanquished Creatures
  4 endoplasms
  3 goblins
  8 jackals (D:2)
  2 kobolds (D:1)
  2 quokkas
  6 ball pythons (D:1)
  8 bats (D:1)
  2 rats (D:1)
35 creatures vanquished.

Vanquished Creatures (others)
  8 plants (D:2)
8 creatures vanquished.

Grand Total: 43 creatures vanquished

Notes
Turn   | Place    | Note
-------+----------+-------------------------------------------
     0 | D:1      | thiscave3701365 the Minotaur Berserker began the quest for
                  | the Orb.
     0 | D:1      | Reached XP level 1. HP: 19/19 MP: 0/0
   296 | D:1      | Reached XP level 2. HP: 23/27 MP: 1/1
  1227 | D:2      | Reached XP level 3. HP: 26/33 MP: 2/2
  1235 | D:2      | Reached ** piety under Trog
  1294 | D:2      | Found Kieph's Assorted Antiques.
  1317 | D:2      | Found a blossoming altar of Fedhas.
  1444 | D:2      | Slain by a gnoll

Illustrated notes

Levels and vault maps discovered:
D:1:      lemuel_arrival_room, layout_basic, kennysheep_decorative_pillar
D:2:      wad_lake_hut, layout_basic, basic_altar, serial_shops,
          nicolae_shop_window_shopping

Skill      XL: |  1  2 |
---------------+-------+-----
Axes           | 4 |  4.5
Fighting       | 4 |  4.4
Armour         | |  2.5
Dodging        | |  2.3
Stealth        | |  0.1

Action                   || total
-------------------------++-------
Melee: Hand axe          ||    60
       Headbutt          ||     6
       Punch             ||     1
Invok: Berserk           ||     2
 Stab: Sleeping          ||     1
Armor: Animal skin       ||    11
       Plate armour      ||    17
Dodge: Dodged            ||    41

Table legend: (Time is in decaauts)
 A = Elapsed time spent in this place.
 B = Non-inter-level travel time spent in this place.
 C = Inter-level travel time spent in this place.
 D = Time resting spent in this place.
 E = Time spent auto-exploring this place.
 F = Levels seen in this place.
 G = Mean time per level.
                   A        B        C        D        E       F      G
               +--------+--------+--------+--------+--------+-----+--------+
         Total |   1463 |   1391 |     72 |     54 |   1159 |   2 |  731.5 |
       Dungeon |   1463 |   1391 |     72 |     54 |   1159 |   2 |  731.5 |
               +--------+--------+--------+--------+--------+-----+--------+

Top non-repeatable levels by time:
     D:1: 1223 daAuts
     D:2: 240 daAuts
